 Dungeon Crawl Stone Soup version 0.17.0-24-gcfadda4 (webtiles) character file.

10629 M4edhros the Prestidigitator (level 11, -8/65 HPs)
             Began as an Octopode Artificer on Nov 16, 2015.
             Was a Priest of Fedhas.
             Mangled by an orc warrior
             ... wielding a +0 hand axe
              (10 damage)
             ... on level 1 of the Orcish Mines.
             The game lasted 00:30:29 (11664 turns).

M4edhros the Prestidigitator (Octopode Artificer)  Turns: 11664, Time: 00:30:30

Health: -8/65      AC:  5    Str: 11    XL:     11   Next: 65%
Magic:  21/21      EV: 18    Int: 15    God:    Fedhas [***...]
Gold:   914        SH:  0    Dex: 18    Spells: 0 memorised, 10 levels left

rFire  + . .     SeeInvis +     H - +2 dagger (chaos)
rCold  . . .     Clarity  .     (no shield)
rNeg   . . .     SustAt   .     a - +2 hat
rPois  +         Gourm    .     C - amulet of regeneration
rElec  .         Spirit   .     x - +3 ring of dexterity
rCorr  .         Warding  .     R - ring of fire (curse)
rMut   .         Stasis   .     T - ring of see invisible
MR     .....                    (no ring)
Stlth  +++++++...               (no ring)
                                (no ring)
                                (no ring)
                                (no ring)

@: slowed, very slow, not resistant to hostile enchantments, extremely stealthy
A: almost no armour, amphibious, 8 rings, constrict 8, antennae 1, tentacle
spike 1, slimy green scales 1, camouflage 1, breathe flames 2, cold resistance
1, poison resistance, screaming 1, wild magic 1, gelatinous body 1
a: Evolution, Sunlight, Growth, Renounce Religion, Breathe Fire


You were on level 1 of the Orcish Mines.
You worshipped Fedhas.
Fedhas was most pleased with you.
You were not hungry.

You visited 3 branches of the dungeon, and saw 14 of its levels.

You collected 914 gold pieces.

Inventory:

Hand Weapons
 m - a +0 hunting sling
 H - a +2 dagger of chaos (weapon)
 O - a +0 greatsling
 Q - a +3 falchion of electrocution
Armour
 a - a +2 hat (worn)
Jewellery
 l - an uncursed amulet of resist mutation
 w - an uncursed amulet of stasis
 x - a +3 ring of dexterity (left tentacle)
 y - an uncursed amulet of faith
 C - an amulet of regeneration (around mantle)
 R - a cursed ring of fire (right tentacle)
 T - a ring of see invisible (on tentacle)
Wands
 b - a wand of flame (2)
 c - a wand of enslavement (0)
 d - a wand of random effects (6)
 z - a wand of confusion (13)
Scrolls
 g - a scroll of immolation
 i - 4 scrolls of remove curse
 k - 3 scrolls of enchant armour
 n - 5 scrolls of noise
 o - a scroll of vulnerability {unknown}
 r - 3 scrolls of magic mapping
 u - a scroll of fog {unknown}
 v - 4 scrolls of amnesia
 A - 4 scrolls of teleportation
 F - a scroll of fear {unknown}
 G - a scroll of torment {unknown}
 L - 2 scrolls of enchant weapon
Potions
 h - 3 potions of ambrosia
 j - 3 potions of flight
 p - a potion of might
 s - a potion of magic
 D - 3 potions of curing
 I - a potion of haste
 J - 2 potions of lignification
 P - a potion of poison
 S - a potion of agility
 U - a potion of invisibility
Books
 f - a book of Death

   Spells                             Type                      Level
   a - Corpse Rot                     Necromancy                   2
   b - Sublimation of Blood           Necromancy                   2
   c - Agony                          Necromancy                   5
   d - Dispel Undead                  Necromancy                   5
   e - Excruciating Wounds            Charms/Necromancy            5
   f - Bolt of Draining               Conjuration/Necromancy       5
 t - a book of Changes

   Spells                             Type                      Level
   a - Beastly Appendage              Transmutation                1
   b - Sticks to Snakes               Transmutation                2
   c - Spider Form                    Transmutation/Poison         3
   d - Ice Form                       Ice/Transmutation            4
   e - Blade Hands                    Transmutation                5
 B - a book of Alchemy

   Spells                             Type                      Level
   a - Sublimation of Blood           Necromancy                   2
   b - Ignite Poison                  Fire/Transmutation/Poison    3
   c - Alistair's Intoxication        Transmutation/Poison         4
   d - Condensation Shield            Ice                          4
   e - Petrify                        Transmutation/Earth          4
   f - Irradiate                      Conjuration/Transmutation    5
Comestibles
 e - 3 bread rations
 q - 4 slices of pizza
 E - 2 royal jellies
 M - 2 beef jerkies
 N - 7 fruits


   Skills:
 + Level 2.4 Fighting
 - Level 1.0 Short Blades
 + Level 7.8 Dodging
 + Level 12.9 Stealth
 * Level 14.3 Evocations


You had 10 spell levels left.
You didn't know any spells.

Dungeon Overview and Level Annotations

Branches:
Dungeon (12/15)            Temple (1/1) D:7            Lair (0/8) D:11
    Orc (1/4) D:9

Altars:
Ashenzari
Cheibriados
Dithmenos
Elyvilon
Fedhas
Gozag
Kikubaaqudgha
Makhleb
Nemelex Xobeh
Okawaru
Qazlal
Ru
Sif Muna
Trog
Vehumet
Xom
Yredelemnul
Zin
The Shining One

Portals:
Trove: D:11 (give 15 potions of curing)

Annotations:
D:3 ConnectionFaild's ghost, weakling GrHu


Innate Abilities, Weirdness & Mutations

You cannot wear most types of armour.
You are amphibious.
You can wear up to eight rings at the same time.
You can use your tentacles to constrict eight enemies at once.
Your skin changes colour to match your surroundings (Stealth).
Your rubbery body absorbs attacks (AC +1).
You have a pair of small antennae on your head.
One of your tentacles bears a spike.
You are partially covered in slimy green scales (AC +2).
You can breathe fire.
Your flesh is cold resistant.
Your system is resistant to poisons.
You occasionally shout uncontrollably at your foes.
Your spells are a little harder to cast, but a little more powerful.


Message History

The orc wizard blinks!
Things that are here:
a war axe; a plate armour; an orc corpse Read which item? (? for menu, Esc to quit)
As you read the scroll of teleportation, it crumbles to dust.
You feel strangely unstable. The orc completely misses you.
You swap places.
You have got your breath back.
Your surroundings suddenly seem different.
The orc warrior seems less confused.
The orc wizard closely misses you.
The orc barely misses something.
The orc wizard hits you but does no damage.
The orc priest looks braver for a moment.
The orc wizard points at you and mumbles some strange words.
The magic dart hits you!
* * * LOW HITPOINT WARNING * * *
The orc priest casts a cantrip, but nothing happens.
The orc warrior hits you with a hand axe!
You die...
Fedhas appreciates your contribution to the ecosystem.

.....#......##.#.#.##
.......#......)........#
......>.............#.#.##
....................#####
...............##..##
..............######
............##
...$....#.......#..##
...o...##......o@o..##
....$..#...)$o..o.)..#
...........)o.o..##.##
.....#......#)....###
...o#..#.###o###.##
o.$.o...##.).o#..##
....$$.......#.$..#
.........).####..##
.......)...# ####


You could see an orc warrior, an orc priest, an orc wizard and 4 orcs.

Vanquished Creatures
  An unseen horror (D:12)
  A hill giant (D:10)
  An orc sorcerer (Orc:1)
  A manticore (D:11)
  Maurice (D:9)
  A moth of wrath (D:11)
  A troll (D:12)
  4 komodo dragons (D:11)
  A slime creature (D:12)
  2 wyverns
  A basilisk (D:12)
  2 hungry ghosts
  Eustachio (D:6)
  2 deep elf magi
  A yak (D:9)
  A hippogriff (D:11)
  A human (D:11)
  A mottled dragon (D:11)
  Menkaure (D:7)
  A water moccasin (D:11)
  A phantom (D:9)
  A sky beast (D:11)
  A soldier ant (D:11)
  3 ogres
  A wasp (D:11)
  3 ice beasts
  3 orc warriors
  A boggart (D:11)
  A black bear (D:11)
  A centaur (shapeshifter) (D:12)
  2 centaurs
  4 big kobolds
  4 giant frogs
  A wyvern skeleton (D:10)
  2 scorpions
  A water moccasin skeleton (D:7)
  6 crimson imps
  A centaur zombie (D:6)
  2 jellies
  2 quasits
  Crazy Yiuf (D:7)
  10 orc priests
  3 centaur skeletons
  3 hounds
  10 orc wizards
  3 giant frog skeletons
  4 worker ants
  2 iguanas
  6 adders
  5 gnolls
  A shadow imp (D:11)
  An adder skeleton (D:10)
  An adder zombie (D:5)
  A worm (D:2)
  7 giant geckos
  45 orcs
  7 bats
  5 giant cockroaches
  3 goblins (D:2)
  7 hobgoblins
  27 kobolds
  3 quokkas
  2 giant newts
  8 jackals
  A quokka skeleton (D:4)
  A quokka zombie (D:6)
  4 rats
238 creatures vanquished.

Vanquished Creatures (collateral kills)
  The ghost of M4edhros the Unseen, a journeyman OpAr of Okawaru (D:9)
  A centaur zombie (D:12)
  2 yaks (D:9)
  A hippogriff (D:10)
  A warg (Orc:1)
  2 orc warriors (Orc:1)
  A hound (D:9)
  3 iguanas
  A jelly (D:11)
  4 orcs (Orc:1)
  2 kobolds
  A giant gecko (D:11)
  A toadstool (Orc:1)
21 creatures vanquished.

Vanquished Creatures (others)
  A komodo dragon (D:11)
  A yak (D:9)
  A necrophage (D:9)
  A black bear (D:9)
  9 wandering mushrooms
  An orc (Orc:1)
  A fungus (D:5)
  153 toadstools
168 creatures vanquished.

Grand Total: 427 creatures vanquished

Notes
Turn   | Place    | Note
--------------------------------------------------------------
     0 | D:1      | M4edhros the Octopode Artificer began the quest for the Orb.
     0 | D:1      | Reached XP level 1. HP: 13/13 MP: 3/3
   229 | D:1      | Reached XP level 2. HP: 18/18 MP: 4/4
   330 | D:1      | Reached skill level 4 in Evocations
   792 | D:1      | Reached XP level 3. HP: 12/23 MP: 6/6
  1215 | D:2      | Gained mutation: Your flesh is cold resistant. [potion of mutation]
  1215 | D:2      | Gained mutation: Scrolls take you a little longer to read. [potion of mutation]
  1215 | D:2      | Gained mutation: One of your tentacles bears a spike. [potion of mutation]
  1590 | D:3      | Noticed ConnectionFaild's ghost (weakling GrHu)
  2282 | D:4      | Reached XP level 4. HP: 14/28 MP: 7/7
  2367 | D:4      | Reached skill level 5 in Evocations
  2479 | D:5      | Entered Level 5 of the Dungeon
  2486 | D:5      | Noticed an ice beast
  2492 | D:5      | Killed an ice beast
  2492 | D:5      | Reached XP level 5. HP: 33/33 MP: 7/9
  2518 | D:5      | Reached skill level 6 in Evocations
  2520 | D:5      | Noticed a centaur
  2630 | D:5      | Reached XP level 6. HP: 32/38 MP: 10/10
  2739 | D:5      | Gained mutation: You can breathe flames. [potion of beneficial mutation]
  2898 | D:5      | Reached skill level 5 in Stealth
  3304 | D:5      | Found a sacrificial altar of Ru.
  3331 | D:5      | Reached skill level 7 in Evocations
  3471 | D:6      | Reached XP level 7. HP: 28/43 MP: 12/12
  3524 | D:6      | Gained mutation: Your mind is acute. (Int +2) [potion of mutation]
  3524 | D:6      | Gained mutation: You occasionally shout uncontrollably at your foes. [potion of mutation]
  3524 | D:6      | Gained mutation: Your spells are a little harder to cast, but a little more powerful. [potion of mutation]
  3525 | D:6      | Gained mutation: You can breathe fire. [potion of mutation]
  3525 | D:6      | Gained mutation: You have a pair of small antennae on your head. [potion of mutation]
  3525 | D:6      | Gained mutation: You are partially covered in slimy green scales (AC +2). [potion of mutation]
  3937 | D:6      | Noticed Eustachio
  3952 | D:6      | Killed Eustachio
  3952 | D:6      | Reached skill level 8 in Evocations
  3966 | D:6      | Reached XP level 8. HP: 18/48 MP: 14/14
  4120 | D:6      | Reached skill level 9 in Evocations
  4400 | D:7      | Found a staircase to the Ecumenical Temple.
  4409 | Temple   | Entered the Ecumenical Temple
  4499 | Temple   | Became a worshipper of Fedhas Madash
  4692 | D:2      | Found a basalt altar of Yredelemnul.
  4823 | D:2      | Found a burning altar of Makhleb.
  5062 | D:3      | Found a shimmering altar of Xom.
  5087 | D:3      | Fell from the grace of Fedhas
  5087 | D:3      | Became a worshipper of Xom of Chaos
  5264 | D:5      | XOM: potion effect (haste)
  5325 | Temple   | Fell from the grace of Xom
  5325 | Temple   | Became a worshipper of Fedhas Madash
  5397 | D:5      | Killed a centaur
  6182 | D:7      | Noticed Menkaure
  6187 | D:7      | Killed Menkaure
  6251 | D:7      | Noticed Crazy Yiuf
  6255 | D:7      | Killed Crazy Yiuf
  6443 | D:7      | Found a sparkling altar of Nemelex Xobeh.
  6443 | D:7      | XOM: medium Air miscast
  6559 | D:6      | Reached skill level 10 in Evocations
  6802 | D:7      | XOM: give mutation
  6802 | D:7      | Lost mutation: Scrolls take you a little longer to read. [Xom's mischief]
  6916 | D:7      | Reached XP level 9. HP: 53/53 MP: 16/16
  6954 | D:7      | Found a basalt altar of Yredelemnul.
  7308 | D:8      | Reached * piety under Fedhas
  7357 | D:8      | Noticed an oklob plant
  7357 | D:8      | a wandering mushroom changed into an oklob plant
  7357 | D:8      | XOM: polymorph wandering mushroom -> oklob plant
  7501 | D:8      | Found a shattered altar of Ashenzari.
  7536 | D:8      | Reached skill level 11 in Evocations
  7606 | D:8      | XOM: give mutations
  7606 | D:8      | Lost mutation: Your mind is acute. (Int +2) [Xom's mischief]
  7606 | D:8      | Gained mutation: Your system is resistant to poisons. [Xom's mischief]
  8233 | D:9      | Noticed M4edhros's ghost (journeyman OpAr)
  8248 | D:9      | Found a blossoming altar of Fedhas.
  8290 | D:9      | Found a shadowy altar of Dithmenos.
  8292 | D:9      | Noticed a centaur zombie
  8301 | D:9      | Killed a centaur skeleton
  8304 | D:9      | Reached skill level 10 in Stealth
  8319 | D:9      | Reached skill level 5 in Dodging
  8461 | D:9      | Noticed Maurice
  8465 | D:9      | Killed Maurice
  8465 | D:9      | Reached skill level 12 in Evocations
  8465 | D:9      | Reached XP level 10. HP: 58/58 MP: 17/19
  8640 | D:9      | Found a staircase to the Orcish Mines.
  8732 | D:9      | XOM: medium Necr miscast
  8769 | D:9      | Killed M4edhros's ghost
  8817 | D:10     | Entered Level 10 of the Dungeon
  9382 | D:10     | XOM: give mutations
  9382 | D:10     | Gained mutation: You are agile. (Dex +2) [Xom's mischief]
  9382 | D:10     | Lost mutation: You are agile. (Dex +2) [Xom's mischief]
  9503 | D:11     | XOM: noise
  9542 | D:11     | Reached ** piety under Fedhas
  9691 | D:11     | Noticed a moth of wrath
  9695 | D:11     | Killed a moth of wrath
  9695 | D:11     | Reached skill level 13 in Evocations
  9713 | D:11     | Found a staircase to the Lair.
  9937 | D:11     | Reached XP level 11. HP: 63/63 MP: 20/20
 10182 | D:11     | Reached *** piety under Fedhas
 10198 | D:11     | XOM: polymorph wandering mushroom -> oklob plant
 10287 | D:11     | XOM: medium Divn miscast
 10293 | D:11     | Noticed a manticore
 10303 | D:11     | Killed a manticore
 10316 | D:11     | Found a portal to a secret trove of treasure.
 10558 | D:12     | XOM: medium Conj miscast
 10851 | D:12     | Noticed an unseen horror
 10873 | D:12     | Killed an unseen horror
 10873 | D:12     | Reached skill level 14 in Evocations
 11145 | D:12     | XOM: medium Ice miscast
 11293 | D:11     | XOM: mild Pois miscast
 11310 | D:10     | Noticed a hill giant
 11326 | D:10     | Killed a hill giant
 11427 | Orc:1    | Entered Level 1 of the Orcish Mines
 11664 | Orc:1    | HP: 2/65 [orc wizard/magic dart (7)]
 11664 | Orc:1    | Mangled by an orc warrior

Action                   |  1- 3 |  4- 6 |  7- 9 | 10-12 || total
-------------------------+-------+-------+-------+-------++-------
Melee: Short sword       |    83 |    53 |    69 |       ||   205
       Dagger            |       |       |   127 |   315 ||   442
       Falchion          |       |       |     6 |       ||     6
Invok: Evolution         |       |       |     5 |     6 ||    11
       Sunlight          |       |       |       |     2 ||     2
 Abil: Breathe Fire      |       |       |    15 |     3 ||    18
Evoke: Wand              |       |     9 |    20 |    17 ||    46
  Use: Scroll            |     8 |     1 |     3 |    12 ||    24
       Potion            |     1 |     5 |     6 |     2 ||    14
 Stab: Sleeping          |     8 |     2 |    19 |    16 ||    45
       Distracted        |     1 |       |     2 |     3 ||     6
       Confused          |       |       |     3 |     9 ||    12
       Paralysed         |       |       |     2 |       ||     2
       Petrifying        |       |       |       |     1 ||     1
  Eat: Bread ration      |     1 |       |     2 |     2 ||     5
       Chunk             |       |     3 |     2 |     2 ||     7
       Meat ration       |       |       |     2 |     1 ||     3
       Beef jerky        |       |       |     1 |       ||     1
